 Dungeon Crawl Stone Soup version 0.16-a0-2150-g7556756 (webtiles) character file.

5699 wvc the Basher (level 10, -2/70 HPs)
             Began as a Mummy Fighter on Nov 14, 2014.
             Was an Elder of Okawaru.
             Slain by a troll (3 damage)
             ... on level 9 of the Dungeon.
             The game lasted 00:24:50 (10601 turns).

wvc the Basher (Mummy Fighter)                     Turns: 10601, Time: 00:24:50

Health: -2/70      AC: 15    Str: 20    XL:     10   Next: 48%
Magic:  14/14      EV:  4    Int:  7    God:    Okawaru [****..]
Gold:   466        SH:  9    Dex: 19    Spells: 2 memorised, 4 levels left

rFire  x . .     SeeInvis .     q - +3 mace "Jiojega" {flame, Noisy Dex+4}
rCold  + . .     Clarity  .     d - +2 chain mail of the Gate {Dex+2 Stlth+}
rNeg   + + +     SustAb   .     c - +0 shield
rPois  +         Gourm    .     (no helmet)
rElec  .         Spirit   .     (no cloak)
rCorr  .         Warding  .     i - +1 pair of gloves
rMut   .         Stasis   .     (no boots)
MR     +....                    b - amulet of faith
Stlth  +.........               k - +3 ring of protection
                                h - ring of stealth

@: somewhat resistant to hostile enchantments, very unstealthy
A: no food or potions, fire vulnerability, restore body, cold resistance 1,
negative energy resistance 3, poison resistance, torment resistance, unbreathing
a: Heroism, Renounce Religion


You were on level 9 of the Dungeon.
You worshipped Okawaru.
Okawaru was greatly pleased with you.
You were not hungry.

You visited 2 branches of the dungeon, and saw 10 of its levels.
You also visited: Sewer.

You collected 466 gold pieces.

Inventory:

Hand weapons
 a - a +3 whip of venom
 g - a +2 whip of flaming
 q - the +3 mace "Jiojega" (weapon) {flame, Noisy Dex+4}
   (You found it on level 6 of the Dungeon)

   It emits flame when wielded, causing extra injury to most foes and up to
   double damage against particularly susceptible opponents.
   It affects your dexterity (+4).
   It may make noises in combat.
Armour
 c - a +0 shield (worn)
 d - the +2 chain mail of the Gate (worn) {Dex+2 Stlth+}
   (You found it on level 4 of the Dungeon)

   It affects your dexterity (+2).
   It makes you more stealthy.
 i - a +1 pair of gloves (worn)
Jewellery
 b - an amulet of faith (around neck)
 h - a ring of stealth (left hand)
 k - a +3 ring of protection (right hand)
 o - an uncursed ring of teleportation
Magical devices
 l - a wand of magic darts (11)
 n - a wand of flame (14)
 r - a wand of confusion (24)
 s - a wand of polymorph (10)
Scrolls
 e - 7 scrolls of remove curse
 f - 2 scrolls of identify
 j - a scroll of immolation
 m - a scroll of recharging
 p - 2 scrolls of teleportation
 t - a scroll of magic mapping


   Skills:
 - Level 3.0 Fighting
 * Level 12.4 Maces & Flails
 - Level 2.4 Armour
 - Level 2.0 Dodging
 - Level 2.4 Shields
 - Level 1.9 Invocations
 + Level 2.6 Evocations


You had 4 spell levels left.
You knew the following spells:

 Your Spells              Type           Power        Failure   Level  Hunger
a - Repel Missiles        Chrm/Air       #.....       100%        2    N/A
b - Flight                Chrm/Air       #.........   100%        3    N/A

Dungeon Overview and Level Annotations

Branches:
Dungeon (9/15)             Temple (1/1) D:4            Lair (0/8) D:8
    Orc: D:9-12

Altars:
Ashenzari
Cheibriados
Dithmenos
Elyvilon
Fedhas
Gozag
Kikubaaqudgha
Makhleb
Nemelex Xobeh
Okawaru
Qazlal
Sif Muna
Trog
Vehumet
Xom
Yredelemnul
Zin
The Shining One

Shops:
D:7 !

Annotations:
D:1 Sigmund


Innate Abilities, Weirdness & Mutations

You do not eat or drink.
Your flesh is vulnerable to fire.
Your flesh is cold resistant.
You are immune to negative energy.
Your system is resistant to poisons.
You are immune to unholy pain and torment.
You can survive without breathing.


Message History

The troll is heavily wounded.
The troll bites you but does no damage. The troll claws you but does no damage.
The troll claws you but does no damage.
You closely miss the troll.
The troll is heavily wounded.
The troll bites you!
* * * LOW HITPOINT WARNING * * *
The troll claws you but does no damage. The troll claws you.
* * * LOW HITPOINT WARNING * * *
You hit the troll but do no damage.
The troll is heavily wounded.
The troll bites you!
* * * LOW HITPOINT WARNING * * *
You block the troll's attack. x2
You hit the troll. You burn the troll.
The troll is heavily wounded.
You block the troll's attack. The troll claws you!
* * * LOW HITPOINT WARNING * * *
The troll claws you.
You die...

...................#
...................#
...................#
......s.T.........#
....#########'#####
... #............# #
#.....s......#
######T##########
#@.........#
#.......##.#
#..........#
#..........#
#..........#
############


You could see a troll and a giant mite.

Vanquished Creatures
  The ghost of ztt the Chopper, an experienced MiBe of Trog (D:7)
  Pikel (D:5)
  Joseph (D:8)
  Psyche (D:8)
  A komodo dragon (D:8)
  A wyvern (D:8)
  A hungry ghost (D:9)
  A steam dragon (D:8)
  A hippogriff (D:8)
  Edmund (D:7)
  3 sky beasts
  A black bear (D:6)
  2 ice beasts
  A centaur (D:6)
  A crocodile (D:8)
  An orc warrior (D:7)
  A phantom (D:7)
  2 ogres
  Duvessa (D:4)
  A gnoll sergeant (D:6)
  4 giant frogs
  A big kobold (D:7)
  A wyvern zombie (D:8)
  A scorpion (D:8)
  A water moccasin skeleton (D:4)
  3 wights (D:8)
  Dowan (D:4)
  2 giant frog zombies
  A hound (D:4)
  A jelly (D:5)
  4 crimson imps
  2 giant frog skeletons
  5 orc priests
  4 worker ants
  2 centaur skeletons (D:5)
  4 iguanas (D:8)
  5 orc wizards
  Ijyb (D:3)
  Jessica (D:2)
  A hound zombie (D:6)
  A hound skeleton (D:4)
  A worker ant zombie (D:6)
  4 gnolls (D:6)
  11 adders
  5 shadow imps
  18 giant mites
  A worm (D:3)
  14 giant geckos
  12 oozes
  26 orcs
  11 giant cockroaches
  10 hobgoblins
  11 jackals
  33 kobolds
  7 quokkas
  9 ball pythons (Sewer)
  12 bats
  12 giant newts
  13 goblins
  An orc zombie (D:8)
  12 rats
  A rat zombie (D:8)
  3 ballistomycetes (D:7)
297 creatures vanquished.

Vanquished Creatures (others)
  A giant gecko (D:5)
  A quokka (D:5)
  A bat (D:5)
  A giant spore (D:7)
  3 plants
7 creatures vanquished.

Grand Total: 304 creatures vanquished

Notes
Turn   | Place    | Note
--------------------------------------------------------------
     0 | D:1      | wvc, the Mummy Fighter, began the quest for the Orb.
     0 | D:1      | Reached XP level 1. HP: 18/18 MP: 1/1
   158 | D:1      | Reached XP level 2. HP: 24/24 MP: 2/2
   592 | D:2      | Noticed Sigmund
   697 | D:2      | Noticed Jessica
   703 | D:2      | Killed Jessica
   703 | D:2      | Reached XP level 3. HP: 25/29 MP: 3/3
  1483 | D:3      | Reached XP level 4. HP: 35/35 MP: 4/4
  1613 | D:3      | Found a glowing drain.
  1634 | Sewer    | Entered a sewer
  1662 | Sewer    | Reached skill level 1 in Dodging
  1969 | Sewer    | Reached skill level 4 in Maces & Flails
  2103 | Sewer    | Reached XP level 5. HP: 41/41 MP: 5/5
  2664 | Sewer    | Noticed a giant frog
  2687 | Sewer    | Reached XP level 6. HP: 35/47 MP: 6/6
  2815 | Sewer    | Noticed a giant frog
  2824 | Sewer    | Killed a giant frog
  2824 | Sewer    | Reached skill level 5 in Maces & Flails
  2890 | Sewer    | Killed a giant frog
  3185 | D:3      | Noticed Ijyb
  3199 | D:3      | Killed Ijyb
  3769 | D:4      | Reached skill level 6 in Maces & Flails
  3769 | D:4      | Reached XP level 7. HP: 50/52 MP: 7/7
  4140 | D:4      | Found a staircase to the Ecumenical Temple.
  4146 | Temple   | Entered the Ecumenical Temple
  4188 | Temple   | Became a worshipper of Warmaster Okawaru
  4271 | D:4      | Noticed Duvessa
  4274 | D:4      | Noticed Dowan
  4286 | D:4      | Killed Duvessa
  4289 | D:4      | Killed Dowan
  4478 | D:4      | Found a deep blue altar of Sif Muna.
  4612 | D:4      | Got a smelly chain mail
  4623 | D:4      | Identified the +2 chain mail of the Gate {Dex+2 Stlth+} (You found it on level 4 of the Dungeon)
  4638 | D:5      | Entered Level 5 of the Dungeon
  4681 | D:5      | Noticed Pikel
  4710 | D:5      | Killed Pikel
  4710 | D:5      | Acquired Okawaru's first power
  4710 | D:5      | Reached skill level 7 in Maces & Flails
  4710 | D:5      | Reached skill level 1 in Evocations
  4710 | D:5      | Reached XP level 8. HP: 26/58 MP: 7/9
  4714 | D:5      | Reached skill level 8 in Maces & Flails
  5478 | D:5      | Found an ancient bone altar of Kikubaaqudgha.
  5478 | D:5      | Found a shattered altar of Ashenzari.
  5723 | D:6      | Got a steaming mace
  5729 | D:6      | Identified the cursed +3 mace "Jiojega" {flame, Noisy Dex+4} (You found it on level 6 of the Dungeon)
  6096 | D:6      | Reached skill level 9 in Maces & Flails
  6427 | D:6      | Learned a level 2 spell: Repel Missiles
  6439 | D:6      | Learned a level 3 spell: Flight
  6543 | D:6      | Reached XP level 9. HP: 29/63 MP: 11/11
  7158 | D:6      | Found a blossoming altar of Fedhas.
  7202 | D:7      | Noticed ztt's ghost (experienced MiBe)
  7365 | D:7      | Killed ztt's ghost
  7365 | D:7      | Reached skill level 10 in Maces & Flails
  7763 | D:7      | Found a stormy altar of Qazlal.
  7764 | D:7      | Noticed Edmund
  7781 | D:7      | Killed Edmund
  7810 | D:7      | Found Ysaschif's Distillery.
  8171 | D:7      | Reached skill level 11 in Maces & Flails
  8383 | D:7      | Found a white marble altar of Elyvilon.
  8441 | D:7      | Found an opulent altar of Gozag.
  8441 | D:7      | Found a sparkling altar of Nemelex Xobeh.
  8535 | D:8      | Found a shadowy altar of Dithmenos.
  8548 | D:8      | Reached skill level 1 in Invocations
  8872 | D:8      | Noticed a komodo dragon
  8874 | D:8      | Noticed Joseph
  8886 | D:8      | Killed a komodo dragon
  8886 | D:8      | Reached XP level 10. HP: 30/70 MP: 12/14
  9167 | D:8      | Killed Joseph
  9510 | D:8      | Found a staircase to the Lair.
  9683 | D:8      | Reached skill level 12 in Maces & Flails
  9967 | D:8      | Found a glowing golden altar of the Shining One.
 10203 | D:8      | Noticed Psyche
 10218 | D:8      | Killed Psyche
 10601 | D:9      | HP: 1/70 [troll (8)]
 10601 | D:9      | Slain by a troll

Action                   |  1- 3 |  4- 6 |  7- 9 | 10-12 || total
-------------------------+-------+-------+-------+-------++-------
Melee: Flail             |   101 |   390 |   102 |       ||   593
       Whip              |       |       |   135 |       ||   135
       Mace              |       |       |   369 |   158 ||   527
Invok: Heroism           |       |       |     5 |     3 ||     8
Evoke: Wand              |       |       |    16 |       ||    16
  Use: Scroll            |     5 |     5 |    10 |     4 ||    24
